 Dungeon Crawl Stone Soup version 0.31-a0-221-gbddc013574 (webtiles) character file.

Game seed: 14358233049041345864

111 qw the Chopper (level 4, 0/28 HPs)
             Began as a Gargoyle Fighter on July 4, 2023.
             Slain by Grinder (3 damage)
             ... on level 3 of the Dungeon.
             The game lasted 00:00:51 (1728 turns).

qw the Chopper (Gargoyle Fighter)                   Turns: 1728, Time: 00:00:52

Health: 0/28       AC: 13    Str: 21    XL:     4   Next: 92%
Magic:  4/4        EV:  7    Int:  9    God:
Gold:   101        SH:  4    Dex:  9    Spells: 3/3 levels left

rFire   . . .        Y - +0 war axe
rCold   . . .        c - +0 buckler
rNeg    + . .        i - +0 chain mail
rPois   inf          (no helmet)
rElec   +            (no cloak)
rCorr   .            a - +0 pair of gloves
SInv    .            (no boots)
Will    .....        (no amulet) Stlth
                     (no ring)
HPRegen 0.24/turn    (no ring)
MPRegen 0.09/turn

%: no passive effects
@: no status effects
A: sickness immunity, AC +3, negative energy resistance 1, electricity
resistance, torment resistance 1, petrification resistance
a: no special abilities


You were on level 3 of the Dungeon.
You visited 1 branch of the dungeon, and saw 3 of its levels.

You collected 101 gold pieces.


Innate Abilities, Weirdness & Mutations

You are immune to sickness and miasma.
Your stone body is resilient. (AC +3)
You are immune to poison.
You resist negative energy. (rN+)
You are resistant to electric shocks. (rElec)
You are resistant to unholy torment.
You are immune to petrification.


   Skills:
 - Level 3.2 Fighting
 + Level 4.5 Axes
 - Level 3.2 Armour
 - Level 3.2 Shields


You had 3 spell levels left.
You didn't know any spells.
Your spell library was empty.

Inventory:

Hand Weapons
 j - a +0 flail
 Y - a +0 war axe (weapon)
Missiles
 b - 2 silver boomerangs (quivered)
Armour
 a - a +0 pair of gloves (worn)
 c - a +0 buckler (worn)
 i - a +0 chain mail (worn)
 k - the +4 plate armour of Poor Excuses {rCorr Dex+2 Slay+3}
   (You found it on level 3 of the Dungeon)

   Dex:       It affects your dexterity (+2).
   Slay:      It affects your accuracy & damage with ranged weapons and melee
   (+3).
   rCorr:     It protects you from acid and corrosion.
Scrolls
 g - 2 scrolls of identify {unknown}
Potions
 d - a potion of might
 e - a potion of attraction {unknown}
 f - a potion of degeneration {unknown}
 h - a potion of curing

Dungeon Overview and Level Annotations

Branches:
Dungeon (3/15)

Altars:

Annotations:
D:3 Grinder


Message History

You hit Grinder.
Grinder is moderately wounded.
You block Grinder's attack. Grinder hits you but does no damage.
You hit Grinder.
Grinder is moderately wounded.
Grinder hits you but does no damage.
You slash Grinder!
Grinder is severely wounded.
Grinder blinks!
You barely miss Grinder.
Grinder is severely wounded.
Grinder hits you but does no damage. x2
You slash Grinder!
Grinder is severely wounded.
Grinder blinks!
You barely miss Grinder.
Grinder is severely wounded.
Grinder blinks!
Grinder hits you.
You closely miss Grinder.
Grinder is severely wounded.
You block Grinder's attack.
You barely miss Grinder.
Grinder is severely wounded.
Grinder gestures at you. Pain shoots through your body!
Grinder blinks!
Grinder hits you.
You closely miss Grinder.
Grinder is severely wounded.
Grinder hits you!
You writhe in agony.
You closely miss Grinder.
Grinder is severely wounded.
Grinder barely misses you.
You closely miss Grinder.
Grinder is severely wounded.
Grinder hits you but does no damage.
You barely miss Grinder.
Grinder is severely wounded.
Grinder hits you.
You writhe in agony.
You die...

........ .........>.
#.....# #.#######.#
.####.....# #.#........
..........# #.#.#####..
..........# #.#.# #..
..........#####.#.#####..
................#.....#..
......##.........###.....
####..5@.........#......
####..........#...#..
#..........#...#.#
#......######.....
#......# #.##.# #......#
#. #.# #......+ +.##.#
######## #..... #..#.#


You could see Grinder.

Vanquished Creatures
  Terence (D:2)
  An iguana (D:2)
  An adder (D:2)
  A worm (D:2)
  3 dart slugs
  An orc (D:3)
  2 ball pythons
  2 endoplasms (D:1)
  4 giant cockroaches (D:1)
  6 goblins
  3 hobgoblins (D:1)
  2 jackals (D:1)
  A quokka (D:3)
  3 bats
  A frilled lizard (D:1)
  3 kobolds
  5 rats
40 creatures vanquished.

Notes
Turn   | Place    | Note
-------+----------+-------------------------------------------
     0 | D:1      | qw the Gargoyle Fighter began the quest for the Orb.
     0 | D:1      | Reached XP level 1. HP: 14/14 MP: 1/1
     0 | D:1      | 0 ||| qw: Version: 0.3-a-40-ge99b1a8
     0 | D:1      | 0 ||| qw: Game counter: 682
     0 | D:1      | 0 ||| qw: Melee chars always use a shield: true
     0 | D:1      | 0 ||| qw: God list: Okawaru
     0 | D:1      | 0 ||| qw: Allow faded altars: false
     0 | D:1      | 0 ||| qw: Do Orc after clearing Dungeon:15 true
     0 | D:1      | 0 ||| qw: Do second Lair branch before Depths: true
     0 | D:1      | 0 ||| qw: Lair rune preference: random
     0 | D:1      | 0 ||| qw: Goals: Normal, Zot:1-4, Slime:5, God:TSO, Crypt,
                  | Tomb, Abyss, Pan, Hells, Win
     0 | D:1      | 0 ||| PLANNING D:1-11
    25 | D:1      | Reached skill level 2 in Axes
    61 | D:1      | Reached XP level 2. HP: 19/19 MP: 2/2
    63 | D:1      | 63 ||| Stepping ~*~*~tactically~*~*~ (stealth).
    84 | D:1      | Found a faded altar of an unknown god.
   183 | D:1      | Reached skill level 3 in Axes
   361 | D:1      | Reached XP level 3. HP: 23/23 MP: 3/3
   407 | D:1      | 407 ||| DROPPING +0 club.
   621 | D:1      | 621 ||| READING scroll labelled QISCHI BUOCO.
   622 | D:1      | 622 ||| READING scroll labelled ZIFI JURIKHLUNO.
   623 | D:1      | 623 ||| DRINKING 2 lumpy sapphire potions.
   624 | D:1      | 624 ||| DRINKING 2 fuming ruby potions.
   625 | D:1      | 625 ||| DROPPING potion of invisibility.
   715 | D:2      | 715 ||| Stepping ~*~*~tactically~*~*~ (hiding).
   880 | D:2      | 880 ||| Stepping ~*~*~tactically~*~*~ (hiding).
  1065 | D:2      | Reached skill level 4 in Axes
  1065 | D:2      | Reached XP level 4. HP: 28/28 MP: 4/4
  1124 | D:2      | 1124 ||| DROPPING +0 whip.
  1133 | D:2      | 1133 ||| DROPPING +0 mace.
  1140 | D:2      | Noticed Terence
  1155 | D:2      | Killed Terence
  1447 | D:2      | 1447 ||| UPGRADING to +0 pair of gloves.
  1452 | D:2      | 1452 ||| UPGRADING to +0 chain mail.
  1462 | D:2      | 1462 ||| DROPPING +0 scale mail.
  1463 | D:2      | 1463 ||| READING scroll labelled LAKHEY ALUEL.
  1464 | D:2      | 1464 ||| READING scroll labelled VITWAB BALYCK.
  1465 | D:2      | 1465 ||| READING scroll labelled OFUURE HIQASU.
  1682 | D:3      | Identified the +4 plate armour of Poor Excuses {rCorr Dex+2
                  | Slay+3}
  1685 | D:3      | Noticed Grinder
  1686 | D:3      | 1686 ||| Stepping ~*~*~tactically~*~*~ (hiding).
  1687 | D:3      | 1687 ||| Stepping ~*~*~tactically~*~*~ (hiding).
  1691 | D:3      | 1691 ||| Stepping ~*~*~tactically~*~*~ (hiding).
  1725 | D:3      | HP: 6/28 [Grinder (2)]
  1728 | D:3      | Slain by Grinder

Levels and vault maps discovered:
D:1:      ebering_hopf_link, layout_loops_cross,
          shapermc_ecumenical_altar_acropolis
D:2:      layout_loops_ring, uniq_terence
D:3:      minmay_octagon_keep, layout_basic, chequers_serial_rivers_room_b,
          uniq_grinder, uniq_sigmund, uniq_crazy_yiuf_cottage

Skill      XL: |  1  2  3 |
---------------+----------+-----
Axes           | 2 3 4 |  4.5
Fighting       | |  3.2
Armour         | |  3.2
Shields        | |  3.2

Action                     |  1- 3 |  4- 6 || total
---------------------------+-------+-------++-------
  Melee: War axe           |    92 |    40 ||   132
  Throw: Boomerang         |       |     6 ||     6
    Use: Scroll            |     2 |     3 ||     5
         Potion            |     2 |       ||     2
 Armour: Scale mail        |    34 |     3 ||    37
         Chain mail        |       |    12 ||    12
  Dodge: Dodged            |    38 |    10 ||    48
  Block: Buckler           |    15 |     5 ||    20

Table legend:
 A = Non-vault XP
 B = Vault XP
 C = Vault XP percentage of total XP
 D = Non-vault monster count
 E = Vault monster count
 F = Vault count percentage of total count
                 A         B        C        D         E       F
            +---------+---------+-------+---------+---------+-------
      Total |     123 |      36 |  22.6 |      39 |       1 |   2.5
            +---------+---------+-------+---------+---------+-------
        D:1 |      49 |       0 |   0.0 |      26 |       0 |   0.0
        D:2 |      68 |      36 |  34.6 |      10 |       1 |   9.1
        D:3 |       6 |       0 |   0.0 |       3 |       0 |   0.0
            +---------+---------+-------+---------+---------+-------
